 Dungeon Crawl Stone Soup version 0.19.1 (webtiles) character file.

4948 Gargoyl the Cleaver (level 10, -1/84 HPs)
             Began as a Ghoul Abyssal Knight on Dec 23, 2016.
             Was an Elder of Lugonu.
             Slain by an orc warrior
             ... wielding a cursed -1 dire flail
              (11 damage)
             ... on level 7 of the Dungeon.
             The game lasted 00:19:35 (8693 turns).

Gargoyl the Cleaver (Ghoul Abyssal Knight)          Turns: 8693, Time: 00:19:37

Health: -1/84      AC: 25    Str: 20    XL:     10   Next: 52%
Magic:  19/23      EV:  9    Int:  7    God:    Lugonu [****..]
Gold:   498        SH: 11    Dex: 10    Spells: 0 memorised, 9 levels left

rFire  . . .     SeeInvis .     j - +3 hand axe
rCold  + . .     Gourm    .     u - +7 chain mail of Vakaduar {Str+2}
rNeg   + + +     Faith    .     w - +0 buckler
rPois  ∞         Spirit   .     (no helmet)
rElec  .         Reflect  +     (no cloak)
rCorr  .         Harm     .     g - +1 pair of gloves
MR     .....                    (no boots)
Stlth  ..........               f - +6 amulet of reflection
                                n - ring of magical power
                                s - +6 ring of protection

@: rotting
A: rotting body, claws 1, carnivore 3, cold resistance 1, negative energy
resistance 3, slow regeneration 1, torment resistance, unbreathing
a: Depart the Abyss, Bend Space, Banish, Corrupt, Renounce Religion


You were on level 7 of the Dungeon.
You worshipped Lugonu.
Lugonu was greatly pleased with you.
You were not hungry.

You visited 1 branch of the dungeon, and saw 8 of its levels.
You visited the Abyss 1 time.

You collected 498 gold pieces.

Inventory:

Hand Weapons
 a - a +2 hand axe
 j - a +3 hand axe (weapon)
 q - a +0 blowgun
 B - a +0 war axe
Missiles
 r - 40 poisoned needles
Armour
 g - a +1 pair of gloves (worn)
 u - the +7 chain mail of Vakaduar (worn) {Str+2}
   (You found it on level 6 of the Dungeon)

   It affects your strength (+2).
 w - a +0 buckler (worn)
Jewellery
 f - a +6 amulet of reflection (around neck)
 n - a ring of magical power (right hand)
 s - a +6 ring of protection (left hand)
Wands
 y - a wand of polymorph (10/24)
 C - a wand of lightning (4/15)
 D - a wand of digging (6/24)
Scrolls
 m - 4 scrolls of teleportation
 o - a scroll of recharging
 E - a scroll of remove curse
Potions
 d - a potion of ambrosia {unknown}
 i - a potion of berserk rage {unknown}
 k - 2 potions of degeneration {unknown}
 t - a potion of lignification {unknown}
 v - 3 potions of curing
 x - 2 potions of might {unknown}
 z - a potion of flight {unknown}
 A - a potion of invisibility {unknown}
Books
 l - a book of Cantrips

   Spells                             Type                      Level
   a - Confusing Touch                Hexes                        1
   b - Animate Skeleton               Necromancy                   1
   c - Summon Small Mammal            Summoning                    1
   d - Apportation                    Translocation                1
Comestibles
 b - a royal jelly
 c - 5 meat rations
 h - a slice of pizza


   Skills:
 + Level 6.3 Fighting
 + Level 8.0 Axes
 + Level 0.5 Throwing
 * Level 6.8 Armour
 + Level 2.8 Dodging
 + Level 4.9 Shields
 * Level 7.3 Invocations


You had 9 spell levels left.
You didn't know any spells.

Dungeon Overview and Level Annotations

Branches:
Dungeon (8/15)             Temple (0/1) D:4
   Lair: D:8-11

Altars:
Cheibriados
Fedhas
Gozag
Kikubaaqudgha
Makhleb
Nemelex Xobeh
Trog
Uskayaw
The Shining One

Shops:
D:5 *

Annotations:
D:6 exclusion: oklob plant


Innate Abilities, Weirdness & Mutations

Your body is rotting away.
You thrive on raw meat.
You are immune to poison.
You have sharp fingernails.
You are carnivorous and can eat meat at any time.
Your flesh is cold resistant. (rC+)
You are immune to negative energy. (rN+++)
You regenerate slowly when monsters are visible.
You are immune to unholy pain and torment.
You can survive without breathing.


Message History

You hit the orc warrior but do no damage.
The orc warrior is moderately wounded.
You hit the wyvern but do no damage. You closely miss the scorpion.
The orc warrior barely misses you. The wyvern bites you.
* * * LOW HITPOINT WARNING * * *
You block the scorpion's attack.
You feel better. You block the wyvern's attack.
You block the orc warrior's attack.
The scorpion stings you but does no damage.
Okay, then.
Press: ? - help, Shift-Dir - straight line, f - orc warrior
Aim: an orc warrior, wielding an enchanted dire flail and wearing a plate armour (moderately wounded, chance to defeat MR: 85%)
The orc warrior barely resists.
You feel quite a bit more hungry.
You can no longer gate yourself to the Abyss.
The wyvern bites you.
* * * LOW HITPOINT WARNING * * *
The wyvern barely misses you.
The scorpion stings you but does no damage.
The orc warrior hits you with an enchanted dire flail!
You die...

#####...)).#### #...#
#.. ......###.[)=.#
#...# ###
#..##.....###.#########
##### #
..#####..###..........#
# .## #### #..........#
## ##
#...<......##########.
#
#.....................
#....)s....##########.
#...o@.....# #.
#.....l....# #.
############ #. ## #


You could see an orc warrior, a wyvern and a scorpion.

Vanquished Creatures
  Joseph (D:7)
  The ghost of Apert the Cleaver, a novice MiBe of Trog (D:6)
  Grinder (D:5)
  Sigmund (D:5)
  A hungry ghost (D:7)
  Edmund (D:6)
  2 water moccasins (D:5)
  2 orc warriors
  2 sky beasts
  Duvessa (D:6)
  A black bear (D:7)
  3 ogres
  A necrophage (D:7)
  2 centaurs (D:6)
  5 bullfrogs
  A wyvern skeleton (D:7)
  Dowan (D:6)
  9 wights
  2 howler monkeys
  A quasit (D:5)
  9 jellies
  A gnoll shaman (D:5)
  A bullfrog skeleton (D:7)
  7 orc priests
  11 orc wizards
  Jessica (D:2)
  4 worker ants
  A killer bee zombie (D:6)
  A mummy (D:6)
  A howler monkey skeleton (D:5)
  A worker ant zombie (D:5)
  10 gnolls
  10 adders
  A shadow imp (D:2)
  A white imp (D:4)
  8 oozes (D:6)
  3 adder skeletons
  5 worms
  A dart slug (D:1)
  5 leopard geckos
  31 orcs
  6 giant cockroaches
  9 goblins
  10 hobgoblins
  4 jackals
  8 kobolds
  3 ball pythons
  8 bats
  3 frilled lizards
  A goblin skeleton (D:4)
  2 goblin zombies (D:4)
  2 hobgoblin zombies (D:4)
  2 kobold skeletons (D:4)
  2 kobold zombies (D:4)
  A leopard gecko skeleton (D:3)
  2 orc skeletons (D:4)
  10 rats
  2 fungi (D:1)
227 creatures vanquished.

Vanquished Creatures (others)
  An orc warrior (D:6)
  A wight (D:6)
  2 crimson imps
  A jelly (D:6)
  8 fungi (D:6)
13 creatures vanquished.

Grand Total: 240 creatures vanquished

Notes
Turn   | Place    | Note
-------+----------+-------------------------------------------
     0 | Abyss:1  | Gargoyl the Ghoul Abyssal Knight began the quest for the Orb.
     0 | Abyss:1  | Reached XP level 1. HP: 19/19 MP: 1/1
    57 | Abyss:2  | Noticed a raiju
    57 | Abyss:2  | Noticed a raiju
    58 | D:1      | Escaped the Abyss
    70 | D:1      | Reached * piety under Lugonu
    70 | D:1      | Reached skill level 1 in Dodging
    74 | D:1      | Reached skill level 2 in Axes
   110 | D:1      | Reached XP level 2. HP: 21/26 MP: 2/2
   651 | D:1      | Reached XP level 3. HP: 31/31 MP: 3/3
  1292 | D:1      | Reached ** piety under Lugonu
  1386 | D:2      | Noticed Jessica
  1415 | D:2      | Killed Jessica
  1415 | D:2      | Reached XP level 4. HP: 40/40 MP: 4/4
  2019 | D:2      | Reached XP level 5. HP: 26/46 MP: 6/6
  2037 | D:2      | Reached skill level 3 in Axes
  2164 | D:2      | Found a snail-covered altar of Cheibriados.
  2397 | D:2      | Found a burning altar of Makhleb.
  3013 | D:3      | Found a blossoming altar of Fedhas.
  3015 | D:3      | Found an ancient bone altar of Kikubaaqudgha.
  3636 | D:4      | Found a sparkling altar of Nemelex Xobeh.
  3681 | D:4      | Found a staircase to the Ecumenical Temple.
  3682 | D:4      | Noticed an ogre
  3748 | D:4      | Killed an ogre
  3748 | D:4      | Reached XP level 6. HP: 36/53 MP: 7/7
  3937 | D:4      | Found a glowing golden altar of the Shining One.
  3979 | D:4      | Reached *** piety under Lugonu
  4170 | D:4      | Found a hide-covered altar of Uskayaw.
  4759 | D:5      | Entered Level 5 of the Dungeon
  4847 | D:5      | Noticed an orc warrior
  4992 | D:4      | Reached skill level 4 in Axes
  5026 | D:4      | Killed an orc warrior
  5026 | D:4      | Reached XP level 7. HP: 55/60 MP: 8/8
  5247 | D:5      | Reached skill level 1 in Shields
  5313 | D:5      | Found Pobue's Serpentskin Sales.
  5351 | D:5      | Reached XP level 8. HP: 38/67 MP: 6/10
  5503 | D:5      | Reached skill level 5 in Invocations
  5514 | D:5      | Found a glowing golden altar of the Shining One.
  5561 | D:5      | Reached skill level 5 in Axes
  5874 | D:4      | Reached skill level 5 in Fighting
  6214 | D:5      | Found a bloodstained altar of Trog.
  6267 | D:6      | Noticed Edmund
  6298 | D:6      | Killed Edmund
  6298 | D:6      | Reached XP level 9. HP: 58/74 MP: 12/12
  6384 | D:6      | Noticed Apert's ghost (novice MiBe)
  6444 | D:6      | Killed Apert's ghost
  6444 | D:6      | Reached skill level 6 in Axes
  6444 | D:6      | Reached skill level 5 in Armour
  6465 | D:6      | Noticed Duvessa
  6465 | D:6      | Noticed Dowan
  6476 | D:6      | Killed Dowan
  6487 | D:6      | Killed Duvessa
  6525 | D:6      | Noticed an oklob plant
  6803 | D:6      | Noticed Sigmund
  6803 | D:6      | Noticed Grinder
  6826 | D:6      | Paralysed by Grinder for 7 turns
  6859 | D:5      | Paralysed by Grinder for 2 turns
  6864 | D:5      | Killed Grinder
  6867 | D:5      | Killed Sigmund
  7661 | D:6      | Reached skill level 7 in Axes
  7748 | D:6      | Got a faintly humming chain mail
  7759 | D:6      | Identified the +7 chain mail of Vakaduar {Str+2} (You found it on level 6 of the Dungeon)
  7797 | D:6      | Reached XP level 10. HP: 81/83 MP: 14/14
  7805 | D:6      | Reached **** piety under Lugonu
  7966 | D:7      | Found an opulent altar of Gozag.
  8119 | D:7      | Noticed Joseph
  8151 | D:7      | Killed Joseph
  8574 | D:7      | Reached skill level 8 in Axes
  8665 | D:8      | Reached ***** piety under Lugonu
  8693 | D:7      | Slain by an orc warrior

Skill      XL: |  1  2  3  4  5  6  7  8  9 10 |
---------------+-------------------------------+-----
Dodging        | 1 2 |  2.8
Axes           | 2 3 4 5 7 8 |  8.0
Armour         | 2 3 4 6 |  6.8
Fighting       | 4 5 6 |  6.3
Invocations    | 3 4 6 7 |  7.3
Shields        | 1 2 4 |  4.9
Throwing       | |  0.5

Action                   |  1- 3 |  4- 6 |  7- 9 | 10-12 || total
-------------------------+-------+-------+-------+-------++-------
Melee: Hand axe          |   106 |   306 |   493 |   231 ||  1136
 Fire: Blowgun           |       |     7 |       |       ||     7
Invok: Depart the Abyss  |     1 |       |       |       ||     1
       Banish            |       |       |     5 |     1 ||     6
       Bend Space        |       |       |     2 |       ||     2
  Use: Scroll            |       |    13 |     2 |     2 ||    17
       Potion            |       |       |     1 |     1 ||     2
  Eat: Chunk             |     8 |    31 |    50 |    24 ||   113
Armor: Leather armour    |    20 |    40 |       |       ||    60
       Ring mail         |       |    13 |       |       ||    13
       Scale mail        |       |    13 |       |       ||    13
       Plate armour      |       |       |   367 |       ||   367
       Chain mail        |       |       |     8 |   168 ||   176
Dodge: Dodged            |    41 |   130 |   102 |    92 ||   365
Block: Other             |    24 |    50 |       |       ||    74
       Buckler           |       |    51 |   262 |   127 ||   440
       Reflection        |       |       |     2 |     2 ||     4
